[Event "44th Chess Olympiad Open 2022"]
[Site "Chennai"]
[Date "2022.08.07"]
[Round "9.26"]
[White "Djukic, Nikola"]
[Black "Gourlay, Iain"]
[Result "1/2-1/2"]
[WhiteElo "2526"]
[BlackElo "2321"]
[Annotator "TA"]
[PlyCount "80"]
[EventDate "2022.??.??"]
[TimeControl "60"]

1. e4 c6 2. d4 d5 3. e5 c5 4. Nf3 cxd4 5. Nxd4 Nc6 6. Nxc6 {[%emt 0:02:20] B12:
Caro-Kann: Advance Variation.} bxc6 7. Bd3 e6 8. Be3 Ba6 9. O-O Bxd3 10. cxd3 Ne7 {[%emt 0:06:19] [#]
} 11. Qc2 $146 ({Predecessor:} 11. Qa4 Qd7 12. Rc1 Ng6 13. f4
c5 14. Qxd7+ Kxd7 15. g3 a5 16. Nd2 a4 17. Bxc5 Bxc5+ 18. Rxc5 {1-0 (38)
Martinez Alcantara,J (2615)-Grandelius,N (2672) Chess.com INT 2022}) 11... Qc7 12. f4 Nf5 13. Bf2 h5 14. Rc1 Kd7 15.
Nd2 Be7 16. Qd1 g5 17. d4 (17. fxg5 $14 Bxg5 18. d4) 17... gxf4 $11 18. Nf3 Rhg8 19. Rc3 Rab8 20. Qc2 Rg6 ({Black should try} 20... Qb6 $15 21. Rb1 a5) 21. Rc1 c5 (21... Rb6 $11 {keeps the balance.}) 22. dxc5
$16 {[%emt 0:01:29] Strongly threatening Qa4+.} Qc6 {[%emt 0:00:43] [#]
Inhibits Qa4.} (22... Rbg8 $1 $11 23. Ne1 (23. c6+ Ke8 $16) 23... Kc8) 23. Ra3 (23. Kh1 $1 $16) 23... Rbg8 $1 $11 24. Rxa7+ Ke8 (24... Kc8 $1 $11 25. Kf1 Rxg2) 25. Qa4 ({Better is} 25. Ne1 $16) 25... Rxg2+ 26. Kf1
{[%emt 0:00:04][%cal Yg1f1,Yf1e1,Ye1f2] Dancing on a razor blade.} Qxa4 27. Rxa4 Ne3+ 28. Ke1 Rxf2 29. Kxf2 ({Don't play} 
29. Ra8+ Kd7 30. c6+ (30. Ra7+ Ke8 $11) 30... Kc7 31. Ra7+ Kc8 32. Kxf2 Rg2+
33. Ke1 Bb4+ 34. Rc3 Rxb2 35. Ra8+ Kc7 36. Ra7+ Kc8 37. Ra8+ Kc7 38. Ra7+ Kc8
$11) 29... Rg2+ 30. Ke1 {[%emt 0:00:06] Hoping for Ra8+.} Nc2+
{[%emt 0:00:13] [#]} 31. Rxc2 $1 Rxc2 $16 {[%emt 0:00:08]
Endgame KRB-KRN} 32. b4 (32. Ra8+ $16 Kd7 33. Ra7+ Ke8 34. b4)
32... f6 $1 $11 33. Ra6 Rc4 34. Rxe6 Kd7 35. Rb6 Re4+ 36. Kf2 (36. Kf1 $5 fxe5 37.
Rh6 $11 (37. Nd2 Re3 $11)) 36... fxe5 37. a4 (37. Rh6 $5 ) 37... Rxb4 {[%emt 0:02:17] The position is equal.}
38. Nxe5+ Kc7 39. Rxb4 {[%emt 0:01:21] Nd3
would kill now.} Bxc5+ 40. Kf3 Bxb4 {[%emt 0:
00:00] Weighted Error Value: White=0.17 (very precise) /Black=0.23 (precise)}
1/2-1/2

[Event "44th Chess Olympiad Open 2022"]
[Site "Chennai"]
[Date "2022.08.07"]
[Round "9.26"]
[White "Blagojevic, Dragisa"]
[Black "Tate, Alan"]
[Result "1/2-1/2"]
[WhiteElo "2499"]
[BlackElo "2313"]
[Annotator "TA"]
[PlyCount "67"]
[EventDate "2022.??.??"]
[TimeControl "60"]

1. d4 d5 2. c4 e6 3. Nf3 Nf6 4. g3 dxc4 5. Bg2 a6 6. Ne5 {[%emt 0:00:
00] White has compensation.} Bb4+ {[%emt 0:01:22] The position is equal. E04:
Open Catalan: 5 Nf3.} 7. Nc3 {[%emt 0:00:07] [#] Threatens to win with Qa4+.}
Nd5 8. Bd2 Nb6 9. e3 N8d7 10. Nxd7 Qxd7 11. Ne4 a5 12. O-O O-O 13. Qc2 Qe7 14. Bxb4 axb4 15. Nd2 e5 16. Nxc4 Nxc4 17. Qxc4 exd4 18. exd4 c6 19. Rfe1 Qd6 20. d5 {[%emt 0:08:12][%cal Rd5c6]
Inhibits Be6.} c5 $1 21. Qe4 {[%emt 0:16:18] [#]} Bd7 $146 ({Predecessor:} 21... b5 22. Qe7 Ra6 23. Qxd6 Rxd6 24. Rac1 c4
25. Re7 Bd7 26. b3 c3 27. Re4 Rxd5 28. Rxb4 {0-1 (54) Garv,G (1888) -Dauletova,
G (2233) Novi Sad 2020}) 22. Qe7 Ra6 23. Qxd6 Rxd6 24. a3 bxa3 25. Rxa3 Re8 26. Rxe8+ Bxe8 $11 {[%emt 0:01:18] Endgame KRB-KRB} 27. Ra7 b6 28. Kf1 Bb5+ 29. Ke1 {
[%emt 0:01:57] [#] White wants to mate with Ra8+.} g5 30. b3 {
[%emt 0:01:20] Inhibits Bc4.} Kg7 31. Rb7 Ba6 32. Rb8 c4 33. Bf1 b5 34. bxc4 {[%emt 0:03:34] An interesting draw.
Weighted Error Value: White=0.02 (flawless) /Black=0.01 (flawless)} 1/2-1/2

[Event "44th Chess Olympiad Open 2022"]
[Site "Chennai"]
[Date "2022.08.07"]
[Round "9.26"]
[White "Greet, Andrew N"]
[Black "Kadric, Denis"]
[Result "1/2-1/2"]
[WhiteElo "2392"]
[BlackElo "2554"]
[Annotator "TA"]
[PlyCount "76"]
[EventDate "2022.??.??"]
[TimeControl "60"]

1. d4 d6 2. e4 Nf6 3. Nc3 Nbd7 4. Nf3 e5 5. Rg1 c6 6. g4 {[%emt 0:01:09] C41: Philidor Defence.} h6 7. h4 exd4 8. Nxd4 Ne5 9. Be2 d5 $1 {[%emt 0:02:37] [#]}
10. exd5 $146 ({Predecessor:} 10. f4 Nfxg4 11. Rh1 Be7 12.
fxe5 Bxh4+ 13. Kf1 Nf2 14. Qd2 Nxh1 15. exd5 Ng3+ 16. Kg2 Nxe2 17. Qxe2 cxd5 {
½-½ (41) Indjic,A (2605)-Koellner,R (2454) Chess.com INT 2022}) 10... Nxd5 11. Nxd5 Qxd5 12. c3 Bc5 13. Be3 Nc4 14. Bxc4 Qxc4 15. Qb3 Qxb3 16. axb3 Be7 17. h5 a6 18. O-O-O g6 {[%emt 0:00:
00] Inhibits Nf5.} 19. hxg6 fxg6 20. Rde1 Bd7 (20... Kf7 {seems wilder.} 21. Nf3 Bd6 22.
Bd4 Re8) 21. Nf3 {[%emt 0:02:55] And now Bc5 would win.} O-O-O $1 {[%emt 0:00:
00] [#]} 22. Bxh6 $1 Bc5 (22... Bd6 23. Be3)
23. Be3 {[%emt 0:01:03] White is more active.} Bxe3+ 24. Rxe3 Rdf8 25. Rg2 Rh1+ 26. Re1 Rxe1+ 27. Nxe1 $14 {[%emt 0:
00:00] Endgame KRB-KRN} a5 28. f3 Be6 29. Kc2 b5 {[%emt 0:03:31] Inhibits c4. The
position is equal.} 30. Re2 Bd5 31. Re7 Rf6 32. b4 axb4 33. cxb4 Rf4 34. Rg7 Rc4+ 35. Kd2 Rd4+ $1 36. Kc3 Rc4+ 37. Kd2 Rd4+ $1 38. Kc3 Rc4+ {[%emt 0:00:24] Weighted Error
Value: White=0.06 (flawless) /Black=0.05 (flawless)} 1/2-1/2

[Event "44th Chess Olympiad Open 2022"]
[Site "Chennai"]
[Date "2022.08.07"]
[Round "9.26"]
[White "Olson, Hamish"]
[Black "Draskovic, Luka"]
[Result "1/2-1/2"]
[WhiteElo "2343"]
[BlackElo "2503"]
[Annotator "TA"]
[PlyCount "79"]
[EventDate "2022.??.??"]
[TimeControl "60"]

1. d4 Nf6 2. Nf3 g6 3. g3 Bg7 4. Bg2 O-O 5. O-O d6 6. c3 Nbd7 7. Qc2 Re8 {
[%emt 0:12:54] A49:1 d4 Nf6 2 Nf3 g6 3 g3: Anti-King's Indian systems.} 8. e4 e5 9. Re1 c6 10. Nbd2 d5 11. exd5 Nxd5 12. dxe5 {[%emt 0:06:39] The position
is equal.} (12. Ne4 {with more complications.} exd4 13. Nxd4 h6 14. Bd2) 12...
Nxe5 13. Nxe5 Rxe5 14. Rxe5 Bxe5 {[%emt 0:00:05] [#]} 15. Nf3 $146 ({
Predecessor:} 15. Nc4 Bg7 16. Qd1 Be6 17. Ne3 Nb6 18. Qc2 Qd7 19. b3 Nd5 20.
Nxd5 Bxd5 21. Bxd5 Qxd5 {½-½ (33) Konya,L (2126)-Szekely,G Hungary 2007})
15... Bf6 16. Bh6 Bf5 17.
Qb3 Qb6 18. Re1 Qxb3 19. axb3 Rd8 20. Ne5 Re8 21. Nd3 {[%emt 0:02:07][%cal Re1e8] [#]}
Rxe1+ 22. Nxe1 Nb6 23. Be3 Kf8 24. Kf1 Be6 25. Nd3 Nd7 26. Bxa7 Bxb3 27. Nc5 Nxc5 28. Bxc5+
$11 {[%emt 0:00:15] Endgame KBB-KBB} Ke8 29. Ke2 Kd7 30. Kd3 Be6 31. h4 Bf5+ 32. Kd2 Be6 33. b4 Bc4 34. Bf3 h5 35. Bg2 Bg7 36. Bh3+ Be6 37. Bg2 Bc4 38. Bh3+ Be6 39. Bg2 Bc4 40. Bh3+ {[%emt 0:00:15] An interesting draw. Weighted
Error Value: White=0.03 (flawless) /Black=0.03 (flawless)} 1/2-1/2

[Event "44th Chess Olympiad Open 2022"]
[Site "Chennai"]
[Date "2022.08.07"]
[Round "9.27"]
[White "Gretarsson, Hjorvar Steinn"]
[Black "Hossain, Enamul"]
[Result "1/2-1/2"]
[WhiteElo "2563"]
[BlackElo "2377"]
[Annotator "TA"]
[PlyCount "104"]
[EventDate "2022.??.??"]
[TimeControl "60"]

1. c4 c6 2. Nf3 d5 3. e3 Nf6 4. d4 e6 5. b3 Ne4 6. Bd3 {[%emt 0:02:12] D30: Queen's Gambit Declined: Systems without
Nc3.} Bb4+ {[%emt 0:01:35] 6...Bd6 is not played anymore.} 7. Nbd2 Nd7 8. Bb2 {[%emt 0:08:43] White is slightly better.} f5 9. a3 Bd6 10. Ne5 Nxd2 11. Qxd2 {[%emt 0:00:09] [#]} O-O $146 ({Predecessor:} 11... Bxe5 12. dxe5 Nc5 13. Bc2 O-O 14. Rd1 a5 15. O-O
Ne4 16. Qe2 Qh4 17. f3 Ng5 {½-½ (36) Vul,A (2310)-Weteschnik,M Kecskemet 1991
}) 12. Qc2 Qe7 13. O-O Nf6 14. b4 Bd7 15. c5 Bxe5 16. dxe5 Ng4 17. Qe2 Qh4 18. h3 Nh6 19. f4 g5 20. Qf2 Qh5 21. fxg5 (21.
a4 $16) 21... Qxg5 $14 22. Qf4 Qh5 23. Bc3 Rf7 24. Rf3 $36 {[%emt 0:00:
00] White is pushing.} Rg7 25. Raf1 Kf7 (25... Kh8 $14) 26. R1f2 $16 ({
But not} 26. Rg3 Rxg3 27. Qxg3 Rg8 $11) 26... Rag8 27. Be2 (27. e4 $16 dxe4 28. Bxe4) 27... Qg6 (27... Ke8 $14) 28. e4 $1 $18 {[%emt 0:01:39] Strongly threatening
exd5.} dxe4 (28... Qg5 {might work better.}) 29. Qxe4 Ke8 30. Qh4 Nf7 $2 (30... Qg5 {was worth a try.} 31. Qd4 Nf7) 31. Rd3 Qg5
{[%emt 0:01:56] [#]} 32. Qd4 Bc8 33. Bd2 Qd8 34. Qc4 {[%emt 0:01:06] Prevents Qd5.} Qe7 35. Bh5 Rg3 36. Bf4 {
[%emt 0:02:58] A strong pair of Bishops.} (36. Rxg3 $18 Rxg3 37. Bh6) 36...
Rxd3 37. Qxd3 Kf8 38. g4 {
[%emt 0:01:43] White is much more active.} Kg7 39. gxf5 $2 (39. Kh2 $18) 39... exf5 40. e6 ({White should play} 40. Kh2 $14) 40... Bxe6 $11 41. Kh2
{[%emt 0:30:36] Black must now prevent Qd4+.} Qf6 {[%emt 0:08:00] Against Qd4}
42. Re2 {[%emt 0:00:00] Threatens to win with Qg3+.} Bd5 (
42... Kh8 $2 43. Bxf7 Bxf7 44. Be5 Qxe5+ 45. Rxe5 $18) 43. Bf3 Bxf3 44. Qxf3 h6 45. Bd2 ({White should try} 45. Bc1 $11 Ng5 46. Qf2) 45... Kh7 (45... Ng5 $1 $15 46. Qg3 Kh7 47. Bxg5 Qxg5 48. Qxg5 hxg5) 46.
Bc3 {[%emt 0:00:02] [#]} (46. Rf2 $11 {keeps the balance.}) 46... Ng5 $1 $17 47. Qe3 Qf7 {[%emt 0:00:53] Hoping for ...
Qc7+.} 48. Qf4 {[%emt 0:01:08] Against Qc7} Nxh3 49. Qd6 $1
$11 {[%emt 0:01:08] White threatens Re7 and mate. The position is equal.} Ng5 {
[%emt 0:02:22] ( -> ...Nf3+)} (49... Nf4 $2 50. Re7 Rg2+ 51. Kh1 Qxe7 52. Qxe7+
Kg6 53. Qf6+ Kh5 54. Qxf5+ Rg5 55. Qxf4 $18) 50. Re7 Nf3+ 51. Kh3 Ng1+ 52. Kh2 {
[%emt 0:00:05] Really sharp!} Nf3+ {[%emt 0:00:40] White really could win this.
Weighted Error Value: White=0.23 (precise) /Black=0.17 (very precise)} 1/2-1/2

[Event "44th Chess Olympiad Open 2022"]
[Site "Chennai"]
[Date "2022.08.07"]
[Round "9.27"]
[White "Kjartansson, Gudmundur"]
[Black "Murshed, Niaz"]
[Result "1-0"]
[WhiteElo "2448"]
[BlackElo "2413"]
[Annotator "TA"]
[PlyCount "79"]
[EventDate "2022.??.??"]
[TimeControl "60"]

1. d4 Nf6 2. c4 e6 3. Nf3 Bb4+ 4. Nbd2 d5 5. Qa4+ Nc6 6. e3 O-O 7. a3 Bxd2+ 8.
Bxd2 Ne4 9. Rd1 {[%emt 0:21:51] E11:
Bogo-Indian.} Qe7 {[%emt 0:06:54] [#]} 10. Bd3 $146 ({
Predecessor:} 10. Bc1 Nd6 11. c5 Ne4 12. Qc2 e5 13. dxe5 Bf5 14. Bd3 Bg6 15. b4
Nxe5 16. Nxe5 Qxe5 {1-0 (34) Cmilyte,V (2514)-Paehtz,E (2455) Germany 2014})
10... Nxd2 11. Rxd2 {[%emt 0:00:51] White is better.} Bd7 12. Qc2 h6 13.
O-O Rfd8 14. b4 a5 15. cxd5 exd5 16.
b5 Na7 17. Qxc7 (17. Qb2 $14
) 17... Qxa3 $11 18. Ne5 Be8 19. Rdd1 {[%emt 0:11:00][%cal Yd2d1,Yd1b1,Yb1b2] [#] Strongly threatening Ra1.}
Qd6 20. Qxa5 {[%emt 0:00:33] Hoping for Ra1.} ({Don't go for} 
20. Qxb7 $2 Rdb8 21. Qa6 Qd8 $19) 20... b6 (20... Nxb5 $5 21. Qe1 Na3 $11) 21. Qd2 $36 {[%emt 0:01:55] White has the
initiative.} Bxb5 (21... Nxb5 $11 22. Rfe1 Na3) 22. Rb1 Bxd3 23. Qxd3 b5 (23... Nc6 $14) 24. Qf5 $16 Qe6 25. Qxe6
{[%emt 0:01:07] White is much more active.} fxe6 26. Rb2 Rac8 27. g4 Rc7 28. Kg2 Rb8 29. Rfb1 Kf8 30. Nd3 Ke7 31. Nc5 Rb6 {[%emt 0:00:00] Against Na6} 32. f4 Rbc6 (32... g5 $14) 33. h4 Kd6 34. Kf3 Rb6 35. h5 Rc8 $2 (35... Rf7 $16 {was called for.} 36. e4 dxe4+
37. Kxe4 (37. Nxe4+ Ke7 $16) 37... Rb8) 36. Rg1 $2 (36. g5 $18
) 36... Rf8 $2 (36... Nc6 $16) 37. g5 $18 {[%emt 0:00:12] [#]
Black must now prevent gxh6.} hxg5 (37... Nc6 38. gxh6 gxh6)
38. Rxg5 {[%emt 0:00:04] White is clearly winning.} Rf7 39.
Rg6 Re7 40. f5 {[%emt 0:01:08] Weighted
Error Value: White=0.29 (precise) /Black=0.42} 1-0

[Event "44th Chess Olympiad Open 2022"]
[Site "Chennai"]
[Date "2022.08.07"]
[Round "9.27"]
[White "Rahman, Ziaur"]
[Black "Stefansson, Hannes"]
[Result "1/2-1/2"]
[WhiteElo "2424"]
[BlackElo "2541"]
[Annotator "TA"]
[PlyCount "61"]
[EventDate "2022.??.??"]
[TimeControl "60"]

1. d4 Nf6 2. Bg5 d5 3. e3 c5 4. Bxf6 gxf6 5. Nc3 e6 6. Bb5+
{[%emt 0:01:56] D01: Veresov Opening.} Nc6 7. Nge2 {[%emt 0:
00:00][%cal Yg1e2,Ye2f4,Yf4h5] [#]} f5 $146 ({Predecessor:} 
7... Bd7 8. a3 f5 9. Bxc6 Bxc6 10. Nf4 Qf6 11. Qd2 Bd6 12. g3 O-O-O 13. O-O-O
Kb8 {½-½ (79) Becerra,J (2341)-Laliena Solanes,L (2179) San Sebastian 2017})
8. O-O {[%emt 0:01:03] Black has an edge.} Bd7 9. Nf4 Qf6 10. dxc5 Bxc5 11. Na4 Bd6 12. c4 d4 13. Nh5 Qh6 14.
exd4 Rg8 15. f4 (15. Ng3 $5 ) 15... O-O-O (15... Qg6 16. Ng3 $14) 16. d5 $1 exd5 ({Much less strong is} 16... Qg6 17. Ng3
exd5 18. cxd5 $14) (16... Bc7 $5 17. Qe2 (17. dxc6 $2 Bxc6 18. Qxd8+ Rxd8 $19)
17... Nd4 18. Bxd7+ Rxd7 $11) 17. cxd5 Ne7 18. Bxd7+ Rxd7 19. Qd4 $2 Qxh5 $19 20. Qxa7 {[%emt 0:00:23] [#]} Kd8 $1 {[%emt 0:01:59]
Hoping for ...Qh3.} ({Don't play} 20... Nxd5 21. Rac1+ Rc7 22. Qa8+ Kd7 23.
Rxc7+ (23. Qxg8 Bxf4 24. Rxc7+ Kxc7 $18) 23... Kxc7 24. Rc1+ (24. Qxg8 Bxf4 25.
h3 Qg6 $18) 24... Kd7 25. Qxg8 $18) 21. Rac1 {[%emt 0:09:03] Black must now
prevent Qa8+.} Rc7 $2 (21... Ke8 $19 22. g3 Qe2) 22. Rxc7 $1
$11 {[%emt 0:03:14] Chess con chili. The position is equal.} Bxc7 23. Nc5 $36 {[%emt 0:01:36] White has the initiative.} Qe2 $1 (23... Qh3 $2 24. Nxb7+ Kd7 25. Qa4+ Nc6 26. dxc6+
$18) 24. Nxb7+ Kd7 {[%emt 0:00:00][%csl Gg8][%cal Re2g2] [#]}
(24... Ke8 $5 25. Qa8+ Kd7 26. Qa4+ Kc8 27. Qa8+ Kd7 28. Qa4+ Kc8 29. Qa8+ Kd7
$11) 25. Qa4+ $1 Kc8 26. Qa8+ Kd7 27. Qa4+ Kc8 28. Qa8+ Kd7 29. Qa4+ Kc8 30. Qa8+ Kd7 31. Qa4+ {[%emt 0:00:08] Weighted Error
Value: White=0.18 (very precise) / Black=0.21 (precise)} 1/2-1/2

[Event "44th Chess Olympiad Open 2022"]
[Site "Chennai"]
[Date "2022.08.07"]
[Round "9.27"]
[White "Mehdi Hasan Parag"]
[Black "Gretarsson, Helgi Ass"]
[Result "1/2-1/2"]
[WhiteElo "2227"]
[BlackElo "2472"]
[Annotator "ChessBase"]
[PlyCount "116"]
[EventDate "2022.??.??"]
[TimeControl "60"]

1. e4 e5 2. Nf3 Nc6 3. Bb5 a6 4. Ba4 Nge7 5. c3 Ng6 6. O-O d6 7. d4 Bd7 8. Be3 Be7 9. Nbd2 O-O 10. dxe5 Ncxe5 11. h3 Bxa4 12. Qxa4 Qd7 13. Qc2 Nc6 14. Nd4 d5 15. Rad1 Rfe8 16. Rfe1 Rad8 17. exd5 Qxd5 18. Nxc6 Qxc6 19. Nf3 Bf6 20. Qb3 Qb5 21. Qxb5 axb5 22. Kf1 Ra8 23. a3 Nf8 24. Bd4 Be7 25. Be5 c6 26. Nd4 f6 27. Bg3 g6 28.
Nb3 Kf7 29. Re2 Red8 30. Red2 Rxd2 31. Rxd2 Ke8 32. Ke2 Nd7 33. Bd6 Bxd6 34. Rxd6 Ke7 35. Rd4 c5 36. Re4+ Kd6 37. f4 Nb6 38. Kd1 Nd5 39. Kc2 f5 40. Re5 Nxf4 41. Rxc5 Re8 42. Rxb5 Re2+ 43. Kb1 Kc7 44. g4 Nxh3 45. gxf5 g5 46. Nd4 Rf2 47. Re5 h5 48. Re7+ Kd6 49. Rxb7 Nf4 50. f6 Nd3 51. Rb5 Ne5 52. c4 Nxc4 53. Rxg5 Rxb2+ 54. Kc1 Rf2 55. Rxh5 Nxa3 56. Rf5 Rxf5 57. Nxf5+ Ke6 58. f7 Kxf7 1/2-1/2

[Event "44th Chess Olympiad Open 2022"]
[Site "Chennai"]
[Date "2022.08.07"]
[Round "9.28"]
[White "Kantans, Toms"]
[Black "Hansen, Eric"]
[Result "0-1"]
[WhiteElo "2486"]
[BlackElo "2606"]
[Annotator "TA"]
[PlyCount "50"]
[EventDate "2022.??.??"]
[TimeControl "60"]

1. e4 c5 2. Nf3 Nc6 3. Bb5 e6 4. O-O Nge7 5. d4 cxd4 6. Nxd4 Qb6 {[%emt 0:01:49] 6...Ng6 injects
fresh life into this line.} 7. Nxc6 {[%emt 0:03:33] B30: Sicilian: 2...Nc6 3
Bb5, lines without ...g6.} bxc6 8. Bd3 Ng6 {[%emt 0:03:08] [#]} 9. a4 $146 {[%emt 0:00:00] White
is slightly better.} ({Predecessor:} 9. c4 Be7 10. Nc3 O-O 11. Na4 Qc7 12. c5
d5 13. cxd6 Bxd6 14. g3 Ne5 15. Be2 {½-½ (64) Xiong,J (2709) -Swiercz,D 
(2649) Chess.com INT 2021}) 9... Be7 10. a5 Qc7 11. f4 d5 12. Qh5 (12. Nc3 $11) 12... dxe4 $15 13. Bxe4 Ba6 14. Re1 O-O (14... f5 $5 15. Bf3 O-O $15) 15. g3 f5 16. Bg2 e5 17. Qf3 (17. fxe5 $11 {remains equal.} Rae8 18.
Nc3) 17... Bc5+ 18. Be3 Bxe3+ 19. Qxe3 exf4 20. Qc5 {[%emt 0:
05:54] [#] Now White is beyond hope.} (20. Qe6+ $15 Kh8 21. Qxc6 Qxc6 22. Bxc6)
20... fxg3 $19 21. Nc3 (21. Qxc6 {was worth
a try.} gxh2+ 22. Kh1 Qxc6 23. Bxc6) 21... gxh2+ 22. Kh1 Rac8 23. Re6 Qg3 {[%emt 0:02:
20] [#] Hoping for ...Nf4.} 24. Re3 (24. Qe3 $142 Qb8 25. Bf1)
24... Qf2 {[%emt 0:00:00] Strongly threatening ...Nf4.} 25. Nd1 Qg1# {[%emt 0:01:31] Weighted Error Value: White=0.71/Black=0.05 (flawless)}
0-1

[Event "44th Chess Olympiad Open 2022"]
[Site "Chennai"]
[Date "2022.08.07"]
[Round "9.28"]
[White "Panjwani, Raja"]
[Black "Miezis Normunds"]
[Result "1-0"]
[WhiteElo "2450"]
[BlackElo "2446"]
[Annotator "TA"]
[PlyCount "31"]
[EventDate "2022.??.??"]
[TimeControl "60"]

1. d4 Nf6 2. c4 e6 3. g3 Bb4+ 4. Bd2 a5 5. Bg2 d5 6. Nf3 O-O 7. Qc2 $1 {[%emt 0:00:30] now scores
much better than the old 7.0-0.} b6 {[%emt 0:13:30] E11: Bogo-Indian.} 8. O-O Bb7 {[%emt 0:01:11] has lost popularity (8...Ba6).} 9. cxd5 exd5 {[%emt 0:01:30] White has an edge.} 10. Bf4 Bd6 11. Bxd6 Qxd6 12.
Nc3 Qe7 {[%emt 0:06:31] [#]} 13. Ne5 $146 ({
Predecessor:} 13. Rac1 Nbd7 14. Rfd1 c6 15. Re1 Rfe8 16. e3 Ne4 17. Ne2 g5 18.
Nc3 f5 19. Nd2 {1-0 (36) Schlamp,F (2190)-Engelmann,N Bonn 1998}) 13... Nc6 $2
{[%emt 0:16:12] [#]} (13... Nbd7 $11 {and Black stays safe.}) 14. Nxd5 $18 Nxd5 15. Nxc6 ({But not} 15.
Bxd5 $2 Nb4 16. Bxf7+ {[#]} Qxf7 $1 $19) 15... Qd6 (15... Bxc6
{is more resistant.} 16. Qxc6 Nf6) 16. Bxd5 {[%emt 0:00:00] Weighted Error
Value: White=0.01 (flawless) /Black=0.91} 1-0

[Event "44th Chess Olympiad Open 2022"]
[Site "Chennai"]
[Date "2022.08.07"]
[Round "9.28"]
[White "Samsonkin, Artiom"]
[Black "Ungurs, Edgars"]
[Result "1-0"]
[WhiteElo "2434"]
[BlackElo "2206"]
[Annotator "TA"]
[PlyCount "95"]
[EventDate "2022.??.??"]
[TimeControl "60"]

1. e4 c6 2. d4 d5 3. e5 Bf5 4. h4 h5 5. c4 e6 6. Nc3 dxc4 7. Bxc4 Nd7 8. Nge2 Be7
{[%emt 0:00:59] B12: Caro-Kann: Advance Variation.} 9. g3 Nh6 10. Bf4 {[%emt 0:01:24] [#]} Bg6 $146 {[%emt 0:02:37] The
position is equal.} ({Predecessor:} 10... Ng4 11. Qd2 Qa5 12. O-O Rd8 13. Qc1
Nb6 14. Bb3 c5 15. Rd1 O-O 16. Bd2 Qa6 {0-1 (62) Vidit,S (2727)-Keymer,V (2664)
Chess.com INT 2022}) 11. Qd2 Nb6 12. Bb3 Qd7 13. a4 a5 14. Bg5 Nf5 15. Rd1 Nd5 16. Nxd5 exd5 17. O-O (17. Bxe7 $1 $14 Nxe7 18. O-O) 17... Bxg5 ({
Black should play} 17... f6 $1 $15 18. Bf4 O-O) 18. Qxg5 $11 Ne7 19. Qd2 Bf5 20. Kh2 Qe6 21. Nf4 Qh6 22. Ng2 (22. Bc2 $14) 22... Qxd2 23.
Rxd2 Ra6 24. Rc1 Rb6 25. Rc3 Kd7 26. Bd1 g6 27. Ne3 Rb4 28. b3 Ke6 29. f3 Rc8 30. Ng2 Kd7 31. Nf4 Rc7 (31...
Rh8 $11) 32. g4 $14 hxg4 33. fxg4 Be4 34. Kg3 b5 35.
Nd3 (35. Rc5 $16) 35... Bxd3 $11 36. Rdxd3 bxa4 37. bxa4 Nc8 $2 (37... c5 $14) 38. Rc5 (38. h5 $18 {and the
rest is easy.}) 38... Ra7 $2 (38... Ke6 $16) 39. h5 $18 g5 $2 (39... gxh5 40.
gxh5 Ne7) 40. h6 Ne7 41. h7 Ng6 42. Rf3 Nh8 43. Bc2 Rxd4 44. Rf5 Ra8 45. Rxg5 Ng6 46. Bxg6 {[%emt 0:00:00] 
[#] White threatens Bf5+ and mate.} fxg6 47. Rxg6 Rh8 48. Rxa5 {[%emt 0:00:00] Weighted Error Value:
White=0.21 (precise) /Black=0.54} (48. Rg7+ $142 Kc8 49. Rg8+ Kb7 50. Rxh8 Rb4
51. Rf8 Rxa4 {[#]} 52. Rb8+ $3 Kxb8 53. h8=Q+ Kb7 54. Qe8) 1-0

[Event "44th Chess Olympiad Open 2022"]
[Site "Chennai"]
[Date "2022.08.07"]
[Round "9.28"]
[White "Reimanis, Ritvars"]
[Black "Preotu, Razvan"]
[Result "0-1"]
[WhiteElo "2377"]
[BlackElo "2445"]
[Annotator "TA"]
[PlyCount "130"]
[EventDate "2022.??.??"]
[TimeControl "60"]

1. d4 {[%emt 0:00:04] RR} Nf6 2. c4 g6 3. Nc3 d5 4. cxd5 Nxd5 5. e4 Nxc3 6. bxc3 Bg7 7. Be3 c5 8. Rc1 Qa5 9. Qd2 cxd4 10. cxd4 Qxd2+ 11. Bxd2 O-O {[%emt 0:00:19] D85: Exchange Grünfeld: Unusual White 7th moves and lines
with 7 Nf3.} 12. Nf3 Bg4 $1 {[%emt 0:00:59] 12...Bg4 is
better than 12...e6.} 13. Be3 Nc6 {[%emt 0:01:05] The
position is equal.} 14. d5 Bxf3 15. gxf3 Nd4 16. Bh3 {[%emt 0:00:24] Prevents Rac8.} f5 17. Bxd4 Bxd4 18. exf5 gxf5 {[%emt 0:07:10] [#]} 19. Rc4 $146 ({
Predecessor:} 19. Rg1+ Kh8 20. Rg5 Rad8 21. Rxf5 Rxf5 22. Bxf5 Rxd5 23. Rc8+
Kg7 24. Rg8+ Kh6 25. Be4 {½-½ (64) Nguyen,C (2389)-Le Roux,J (2571) Sautron
2013 EXT 2016 [RR]}) 19... Be5 20. Rg1+ Kh8 21. Rg5 Rad8 22. f4 b5 23. Rc5 Bd4 $36 {[%emt 0:00:54]
Black has good play.} 24. Rxb5 a6 25. Rb7 Rxd5 26. Rg3 ({But not} 26.
Rxe7 $2 Bf6 27. Re6 Bxg5 28. fxg5 f4 $19) 26... Bc5 27. Rc3 Rfd8 28. Rc2 Rg8 {[%emt 0:00:
16] Prevents Bg2.} 29. Ke2 (29. Bf1 $11 {is superior.}) 29...
Rg6 $15 30. Rb3 Bd6 31. Rc4 Kg7 32. Rg3 Rb5 33. Ra4 a5 34. Rb3 (34.
Kf3 $15) 34... Rc5 $17 35. Kf3 (35. Rg3 $142)
35... Rg1 $1 36. Rd4 Ra1 37.
Rb2 Kf6 ({Stronger than} 37... Rc3+ 38. Kg2
$17) 38. Re2 Rb1 39. Red2 Rc3+ 40. Kg2 {[%emt 0:00:19] [#]} (40. R4d3 $17 Rb2 41. Rxc3
Rxd2 42. a3) 40... Rb8 (40... Bc7 $1 $19 41. R4d3 Rxd3 42.
Rxd3 Rb2) 41. R2d3 Rxd3 42. Rxd3 Bxf4 {[%emt 0:00:00] Endgame KRB-KRB} 43. Rd5 e6 44. Rxa5 Rb2 45. Kf3 {
[%emt 0:00:00] Against Be3} (45. Kg1 $17) 45... Bxh2 $19 46.
Bf1 Bc7 47. Ra6 Bb6 48. Bc4 Rxf2+ (48... Kg5 $19
{Hoping for ...e5.} 49. Bxe6 h5) 49. Kg3 $17 Rc2 50. Bxe6 Rc6 {[%emt 0:00:06] Black is more active.} ({
Worse is} 50... Kxe6 51. Rxb6+ Ke5 52. a4 $17) 51. Bc4 Kg5 {
[%emt 0:00:00] White must now prevent ...Bc7+.} 52. Ra4 h5 53. Bd5 $2 (53. Kh2 $17 {was worth a try.})
53... Rc2 {[%emt 0:00:00][%cal Yh5h4] Threatens to win with ...h4+!} 54. Ra8 h4+ 55. Kh3 Rc3+ 56. Kg2 (56. Kh2 $142) 56... h3+ $19 57.
Kf1 Rc2 58. a4 h2 59. a5 (59. Rg8+ $142 Kf4 60. Re8) 59... Rc1+ (59...
Bd4 $142 {...f4 is the strong threat.} 60. Re8 Rf2+ 61. Ke1 {[#]} Ra2 $3) 60.
Ke2 Bd4 61. a6 $2 (61. Rd8
$19) 61... h1=Q 62. Bxh1 Rxh1 63. a7 Kf4 64. Kd3 Bb6 {
[%emt 0:00:21] ( -> ...Ra1)} 65. Rh8 Rxh8 {[%emt 0:00:09]
Weighted Error Value: White=0.68/Black=0.15 (very precise)} 0-1